 Dungeon Crawl Stone Soup version 0.21-a0-150-gc243083 (webtiles) character file.

7611 FinalAngel the Brawler (level 11, -11/81 (82) HPs)
             Began as a Ghoul Monk on July 29, 2017.
             Was an Elder of Wu Jian.
             Mangled by Urug
             ... wielding a +3 war axe
              (23 damage)
             ... on level 1 of the Orcish Mines.
             The game lasted 00:33:57 (9040 turns).

FinalAngel the Brawler (Ghoul Monk)                 Turns: 9040, Time: 00:33:57

HP:   -11/81 (82)   AC: 13    Str: 16    XL:     11   Next: 18%
MP:   10/10         EV: 10    Int:  5    God:    Wu Jian [****..]
Gold: 543           SH:  4    Dex: 14    Spells: 10/10 levels left

rFire    . . .     SeeInvis .     - Unarmed
rCold    + . .     Gourm    .   (no shield)
rNeg     + + +     Faith    .   i - +2 scale mail {rPois}
rPois    ∞         Spirit   .   (no helmet)
rElec    .         Reflect  +   q - +0 cloak
rCorr    +         Harm     .   (no gloves)
MR       .....                  H - +0 pair of boots
Stlth    +.........             P - +4 amulet of reflection
HPRegen  0.00/turn              p - +3 ring of protection
MPRegen  0.12/turn              S - ring of resist corrosion

@: rotting, drained
A: rotting body, claws 1, carnivore 3, cold resistance 1, negative energy
resistance 3, inhibited regeneration, torment resistance, unbreathing
a: Serpent's Lash, Renounce Religion


You were on level 1 of the Orcish Mines.
You worshipped Wu Jian.
Wu Jian was greatly pleased with you.
You were not hungry.

You visited 2 branches of the dungeon, and saw 12 of its levels.

You collected 840 gold pieces.
You spent 297 gold pieces at shops.

Inventory:

Hand Weapons
 e - a +1 vampiric dagger {!w}
   (You took it off a goblin on level 1 of the Dungeon)
 f - a +1 short sword of venom
   (You took it off a kobold on level 1 of the Dungeon)
 l - a +2 hunting sling of freezing
   (You found it on level 2 of the Dungeon)
 w - a +3 quarterstaff of chaos
   (You took it off Crazy Yiuf on level 7 of the Dungeon)
 z - a +0 vampiric dagger {!w}
   (You took it off an orc wizard on level 7 of the Dungeon)
 A - a cursed -1 mace
   (You found it on level 7 of the Dungeon)
 G - a +4 falchion of freezing
   (You took it off a wight on level 8 of the Dungeon)
 K - a +0 dagger of venom
   (You found it on level 9 of the Dungeon)
 L - a +1 dagger of speed
   (You took it off an orc wizard on level 9 of the Dungeon)
 O - a cursed -3 longbow
   (You found it on level 9 of the Dungeon)
Armour
 i - a +2 scale mail of poison resistance (worn)
   (You took it off Terence on level 2 of the Dungeon)
 q - a +0 cloak (worn)
   (You found it on level 3 of the Dungeon)
 H - a +0 pair of boots (worn)
   (You found it on level 8 of the Dungeon)
Jewellery
 p - a +3 ring of protection (left claw)
   (You found it on level 3 of the Dungeon)
 u - an uncursed amulet of harm
   (You found it on level 4 of the Dungeon)
 E - an uncursed ring of stealth {Stlth+}
   (You found it on level 7 of the Dungeon)
 P - a +4 amulet of reflection (around neck)
   (You bought it in a shop on level 9 of the Dungeon)
 S - a ring of resist corrosion (right claw)
   (You found it on level 10 of the Dungeon)
Wands
 j - a wand of iceblast (4/15)
   (You found it on level 9 of the Dungeon)
 s - a wand of lightning (6/15)
   (You found it on level 5 of the Dungeon)
 v - a wand of lightning (7/15)
   (You found it on level 5 of the Dungeon)
 B - a wand of flame (23/48)
   (You found it on level 7 of the Dungeon)
 I - a wand of digging (18/24)
   (You found it on level 8 of the Dungeon)
 J - a wand of random effects (17/48)
   (You found it on level 8 of the Dungeon)
 Q - a wand of disintegration (9/24)
   (You found it on level 9 of the Dungeon)
 R - a wand of iceblast (6/15)
   (You found it on level 10 of the Dungeon)
Scrolls
 a - 5 scrolls of remove curse
 d - a scroll of magic mapping {!r}
 m - 2 scrolls of enchant armour
 r - 5 scrolls of teleportation
 y - a scroll of fear
 T - a scroll of identify
Potions
 g - a potion of curing {unknown}
 h - 3 potions of berserk rage {!q}
 k - 3 potions of flight {unknown}
 n - a potion of lignification
 o - a potion of ambrosia {unknown}
 t - a potion of haste
 x - a potion of magic {unknown}
Books
 c - a book of Callings
   (You found it on level 5 of the Dungeon)
 C - a book of Misfortune
   (You found it on level 7 of the Dungeon)
 M - a book of Party Tricks
   (You found it on level 9 of the Dungeon)
 N - the Almanac of Assistive Contamination
   (You found it on level 9 of the Dungeon)

   Spells                             Type                      Level
   a - Sting                          Conjuration/Poison           1
   b - Shroud of Golubria             Charms/Translocation         2
   c - Ignite Poison                  Fire/Transmutation/Poison    3
   d - Excruciating Wounds            Charms/Necromancy            5
   e - Iskenderun's Battlesphere      Conjuration/Charms           5
Comestibles
 b - 3 meat rations {@e2}


   Skills:
 - Level 3.3(3.2) Fighting
 - Level 2.6(2.5) Dodging
 - Level 2.1(2.0) Stealth
 + Level 18.3(18.0) Unarmed Combat


You had 10 spell levels left.
You didn't know any spells.

Dungeon Overview and Level Annotations

Branches:
Dungeon (10/15)            Temple (0/1) D:4             Orc (2/2) D:10
   Lair: D:8-11         Elf: Orc:2

Altars:
Dithmenos
Elyvilon
Gozag
Kikubaaqudgha
Nemelex Xobeh
Okawaru
Ru
Trog
Uskayaw
Vehumet
Wu Jian
Xom
Zin
The Shining One

Shops:
D:4 =   D:9 =   D:10 [

Annotations:
D:2 Sigmund
D:10 Erica
Orc:1 Urug


Innate Abilities, Weirdness & Mutations

Your body is rotting away.
You thrive on raw meat.
You are immune to poison.
You have sharp fingernails.
You are carnivorous and can eat meat at any time.
Your flesh is cold resistant. (rC+)
You are immune to negative energy. (rN+++)
You do not regenerate when monsters are visible.
You are immune to unholy pain and torment.
You can survive without breathing.


Message History

You take 13 damage, and have 19/82 hp.
There is a stone staircase leading down here.
Urug no longer looks unusually strong.
You climb downwards.
There is a stone staircase leading up here.
You start resting.
Your extra speed is starting to run out.
You regained 5 hp, and now have 24/82 hp.
You start resting.
You feel yourself slow down.
You regained 2 hp, and now have 26/82 hp.
You start resting.
All of the chunks of flesh in your inventory have rotted away.
You feel your flesh rotting away.
You regained 50 hp, and now have 76/81 hp.
You start resting.
Health restored: 81 Unknown command.
You climb upwards.
Level annotation: Urug
There is a stone staircase leading down here.
You spin and attack the orc warrior repeatedly.
You claw the orc warrior! You barely miss the orc warrior.
The orc warrior hits you with a trident.
You take 5 damage, and have 76/81 hp.
You spin and attack the orc warrior.
You mangle the orc warrior!!
You kill the orc warrior!
The Council accepts your kill.
You spin and attack the orc wizard.
You scratch the orc wizard. The orc wizard casts a spell at you.
You are confused.
You're too confused to move!
Urug hits you with an enchanted war axe!
The orc wizard hits you but does no damage.
You take 8 damage, and have 68/81 hp.
Urug hits you with an enchanted war axe!
The orc wizard gestures at you while chanting.
You are more confused.
There is a stone staircase leading down here.
You take 17 damage, and have 51/81 hp.
MASSIVE DAMAGE!!
Really quaff
h - 3 potions of berserk rage {!q}?
You cannot raise a blood rage in your lifeless body.
Unknown command.
Okay, then.
Quivering
D - a throwing net {=f, !d} for throwing.
Aim: Urug, wielding an enchanted war axe and wearing a runed chain mail You throw a throwing net {=f, !d}.
Urug hits you but does no damage.
The orc wizard hits you but does no damage.
Urug hits you but does no damage.
The orc wizard hits you but does no damage.
The orc wizard gestures at you while chanting.
You easily resist.
The floor.
Urug hits you with an enchanted war axe!
The orc wizard gestures at you while chanting.
You easily resist.
You take 13 damage, and have 38/81 hp.
Urug stares with her one eyeball.
The orc wizard barely misses you. Urug misses you.
You bump into the rock wall.
You feel less confused.
Urug adjusts her eyepatch.
Urug hits you with an enchanted war axe!
You take 9 damage, and have 29/81 hp.
You attack Urug from above.
You barely miss Urug.
You repeatedly attack the orc wizard from above.
You closely miss the orc wizard. Your claw misses the orc wizard.
Your scale mail prevents you from hitting the orc wizard.
The orc wizard hits you but does no damage.
Urug closely misses you.
You spin and attack the orc wizard repeatedly.
You claw the orc wizard! You claw the orc wizard.
You kill the orc wizard!
The Council accepts your kill.
You see here a javelin.
There is a stone staircase leading down here.
You block Urug's attack.
You climb downwards.
There is a stone staircase leading up here.
Urug hits you with an enchanted war axe!
* * * LOW HITPOINT WARNING * * *
You climb upwards.
There is a stone staircase leading down here.
You take 14 damage, and have 15/81 hp.
Things that are here:
a chain mail; a trident Urug screams, "All you harpies will die!"
You repeatedly attack Urug from above.
You mangle Urug!! You claw Urug!
Urug hits you with an enchanted war axe.
* * * LOW HITPOINT WARNING * * *
You take 3 damage, and have 12/81 hp.
Okay, then.
You eat one of the 5 meat rations {@e2}.
That meat ration really hit the spot!
Urug hits you but does no damage.
You eat one of the 4 meat rations {@e2}.
That meat ration really hit the spot!
Urug hits you with an enchanted war axe!!
You die...

##...# #.......#
###.#####.#....## #
##.#.#........## ###
###..............###.##
.# #.#.#........###...##
##.##.##........#......#
#.........[...........##
##.##.....>..#...o...##
#...#......(....@#....##
#............(....##...#
#.......(.#.......##.##
.#.(.....(..#......####
.....#..(.........##
...#..).........## ..
##.#(........# .
..#)#.......##
......)##.#...#


You could see Urug.

Vanquished Creatures
  A two-headed ogre (D:8)
  The ghost of AverageBear the Nimble, a novice DEFi of Ashenzari (D:7)
  An orc knight (Orc:1)
  Eustachio (D:6)
  3 water moccasins
  A porcupine (D:10)
  4 sky beasts
  8 ogres
  3 phantoms
  2 black bears
  3 ice beasts
  4 orc warriors (Orc:1)
  4 centaurs
  2 crocodiles
  3 big kobolds (D:9)
  A bullfrog (D:6)
  A scorpion (D:5)
  7 wights
  2 crimson imps
  6 hounds
  A centaur skeleton (D:9)
  Crazy Yiuf (D:7)
  5 orc priests
  A jelly (D:8)
  8 orc wizards
  Terence (D:2)
  4 iguanas
  2 worker ants
  A hound skeleton (D:6)
  11 adders
  3 gnolls (D:3)
  2 shadow imps
  2 adder zombies
  An adder skeleton (D:7)
  2 worms (D:3)
  8 leopard geckos
  21 orcs
  7 bats
  5 giant cockroaches
  8 hobgoblins
  4 jackals (D:10)
  A quokka (D:2)
  3 ball pythons
  3 frilled lizards
  14 goblins
  20 kobolds
  A quokka zombie (D:7)
  8 rats
206 creatures vanquished.

Vanquished Creatures (others)
  An orc wizard (D:9)
  A kobold (D:9)
  A fungus (D:10)
  5 plants (D:10)
8 creatures vanquished.

Grand Total: 214 creatures vanquished

Notes
Turn   | Place    | Note
-------+----------+-------------------------------------------
     0 | D:1      | FinalAngel the Ghoul Monk began the quest for the Orb.
     0 | D:1      | Reached XP level 1. HP: 19/19 MP: 0/0
    70 | D:1      | Reached XP level 2. HP: 13/26 MP: 1/1
   103 | D:1      | Reached skill level 4 in Unarmed Combat
   425 | D:1      | Reached XP level 3. HP: 26/31 MP: 2/2
   809 | D:2      | Reached skill level 5 in Unarmed Combat
   833 | D:2      | Reached XP level 4. HP: 13/38 MP: 3/3
   906 | D:2      | Found a shimmering altar of Xom.
   976 | D:2      | Noticed Terence
  1000 | D:2      | Killed Terence
  1202 | D:2      | Found an iron altar of Okawaru.
  1216 | D:2      | Found a faded altar of an unknown god.
  1328 | D:2      | Found a sacrificial altar of Ru.
  1535 | D:2      | Noticed Sigmund
  1680 | D:3      | Reached skill level 6 in Unarmed Combat
  1680 | D:3      | Reached XP level 5. HP: 35/45 MP: 4/4
  1815 | D:3      | Found a shadowy altar of Dithmenos.
  2163 | D:3      | Found an ornate altar of the Wu Jian Council.
  2367 | D:4      | Found a sparkling altar of Nemelex Xobeh.
  2406 | D:4      | Found a radiant altar of Vehumet.
  2591 | D:4      | Found Juolulun's Jewellery Shop.
  2636 | D:4      | Reached skill level 7 in Unarmed Combat
  2981 | D:4      | Found a staircase to the Ecumenical Temple.
  3240 | D:3      | Became a worshipper of the Wu Jian Council
  3240 | D:3      | Reached * piety under Wu Jian
  3240 | D:3      | Reached ** piety under Wu Jian
  3294 | D:5      | Entered Level 5 of the Dungeon
  3308 | D:5      | Reached XP level 6. HP: 50/50 MP: 5/5
  3463 | D:5      | Reached skill level 8 in Unarmed Combat
  3595 | D:5      | Found a sacrificial altar of Ru.
  3633 | D:5      | Noticed a sky beast
  3660 | D:5      | Killed a sky beast
  3660 | D:5      | Reached XP level 7. HP: 17/57 MP: 6/6
  4016 | D:5      | Reached skill level 9 in Unarmed Combat
  4116 | D:5      | Found a bloodstained altar of Trog.
  4465 | D:6      | Noticed Eustachio
  4503 | D:6      | Killed Eustachio
  4656 | D:6      | Reached skill level 10 in Unarmed Combat
  4656 | D:6      | Reached XP level 8. HP: 63/63 MP: 7/7
  4829 | D:6      | Reached skill level 11 in Unarmed Combat
  4936 | D:6      | Reached skill level 16 in Unarmed Combat
  4936 | D:6      | Reached XP level 9. HP: 32/70 MP: 8/8
  5836 | D:7      | Found a hide-covered altar of Uskayaw.
  5925 | D:7      | Reached XP level 10. HP: 75/77 MP: 9/9
  6358 | D:7      | Found a white marble altar of Elyvilon.
  6359 | D:7      | Noticed AverageBear's ghost (novice DEFi)
  6365 | D:7      | Killed AverageBear's ghost
  6365 | D:7      | Reached skill level 17 in Unarmed Combat
  6532 | D:7      | Found an opulent altar of Gozag.
  6533 | D:7      | Found a glowing silver altar of Zin.
  6655 | D:7      | Found a runed door.
  7020 | D:7      | Noticed Crazy Yiuf
  7027 | D:7      | Killed Crazy Yiuf
  7158 | D:8      | Found a glowing golden altar of the Shining One.
  7189 | D:8      | Found an ancient bone altar of Kikubaaqudgha.
  7263 | D:8      | Reached *** piety under Wu Jian
  7371 | D:8      | Noticed a two-headed ogre
  7389 | D:8      | Killed a two-headed ogre
  8116 | D:9      | Identified the Almanac of Assistive Contamination
  8216 | D:9      | Reached **** piety under Wu Jian
  8297 | D:9      | Found Nudayxt's Jewellery Shoppe.
  8316 | D:9      | Bought a +4 amulet of reflection for 297 gold pieces
  8374 | D:10     | Entered Level 10 of the Dungeon
  8441 | D:10     | Found a staircase to the Orcish Mines.
  8445 | D:10     | Noticed Erica
  8478 | D:10     | Found Jaehirot's Armour Boutique.
  8483 | D:10     | Reached XP level 11. HP: 51/82 MP: 10/10
  8486 | D:10     | Reached skill level 18 in Unarmed Combat
  8494 | Orc:1    | Entered Level 1 of the Orcish Mines
  8654 | Orc:1    | Noticed an orc knight
  8666 | Orc:1    | Noticed Urug
  8678 | Orc:1    | Killed an orc knight
  8686 | Orc:1    | HP: 19/82 [Urug/javelin (13)]
  8691 | Orc:2    | Entered Level 2 of the Orcish Mines
  9020 | Orc:2    | HP: 15/81 [Urug/enchanted war axe (14)]
  9027 | Orc:1    | HP: 12/81 [Urug/enchanted war axe (3)]
  9040 | Orc:1    | Mangled by Urug

Vault maps used:
D:1:      dpeg_arrival_more_subterranean_lakeside_camping,
          minmay_misc_feat_secret_circle
D:2:      marbit_many_paths, lemuel_crystal_altar,
          chequers_ecumenical_altar_simple_redux, kennysheep_okawaru_gauntlet,
          uniq_terence, uniq_sigmund
D:3:      nicolae_dithmenos_through_a_glass_darkly,
          nicolae_overflow_crystal_walls
D:4:      vehumet_crystals, nemelex_xobeh_ov_fountains_minmay,
          minmay_temple_entry_metal_lava, first_bread, serial_shops, shop
D:5:      kennysheep_little_box, basic_altar
D:6:      uniq_eustachio
D:7:      grunt_temple_overflow_gold_and_silver, elyvilon_altar_3,
          overflow_temple_1_default, roderic_lattice_a, grunt_ogre_cave,
          grunt_ministairs_3, uniq_crazy_yiuf_cottage
D:8:      lemuel_round_altar, old_standard_altar, serial_curves, eino_curves_04,
          eino_curves_04, minmay_misc_feat_room
D:9:      serial_shops, shop
D:10:     minmay_lair_entry_grove, orc_0_dummy, enter_bailey_7, serial_shops,
          shop, uniq_erica, uniq_snorg
Orc:1:    nicolae_orc_accident_1, uniq_urug
Orc:2:    st_orc_rangers, nicolae_orc_damp_corner, guppyfry_library_mini

Skill      XL: |  1  2  3  4  5  6  7  8  9 10 11 |
---------------+----------------------------------+-----
Unarmed Combat | 4 5 6 7 8 10 16 17 18 | 18.3
Fighting       | |  3.3
Dodging        | |  2.6
Stealth        | |  2.1

Action                   |  1- 3 |  4- 6 |  7- 9 | 10-12 || total
-------------------------+-------+-------+-------+-------++-------
Melee: Unarmed           |    96 |   166 |   162 |   261 ||   685
       Punch             |     2 |     2 |     6 |    15 ||    25
 Fire: Hunting sling     |       |     7 |       |       ||     7
Throw: Stone             |       |    41 |     2 |       ||    43
       Throwing net      |       |       |       |     1 ||     1
  Use: Scroll            |       |    10 |     1 |     5 ||    16
       Potion            |       |     1 |     1 |     1 ||     3
 Stab: Sleeping          |     1 |       |       |       ||     1
  Eat: Chunk             |    11 |    18 |     5 |    13 ||    47
       Royal jelly       |       |       |     1 |       ||     1
       Meat ration       |       |       |       |     3 ||     3
Armor: Robe              |    10 |     1 |       |       ||    11
       Scale mail        |       |    71 |    79 |    92 ||   242
Dodge: Dodged            |    57 |    83 |    60 |    86 ||   286
Block: Other             |       |       |       |    20 ||    20
       Reflection        |       |       |       |     1 ||     1

Vault maps used:
D:1:      dpeg_arrival_more_subterranean_lakeside_camping,
          minmay_misc_feat_secret_circle
D:2:      marbit_many_paths, lemuel_crystal_altar,
          chequers_ecumenical_altar_simple_redux, kennysheep_okawaru_gauntlet,
          uniq_terence, uniq_sigmund
D:3:      nicolae_dithmenos_through_a_glass_darkly,
          nicolae_overflow_crystal_walls
D:4:      vehumet_crystals, nemelex_xobeh_ov_fountains_minmay,
          minmay_temple_entry_metal_lava, first_bread, serial_shops, shop
D:5:      kennysheep_little_box, basic_altar
D:6:      uniq_eustachio
D:7:      grunt_temple_overflow_gold_and_silver, elyvilon_altar_3,
          overflow_temple_1_default, roderic_lattice_a, grunt_ogre_cave,
          grunt_ministairs_3, uniq_crazy_yiuf_cottage
D:8:      lemuel_round_altar, old_standard_altar, serial_curves, eino_curves_04,
          eino_curves_04, minmay_misc_feat_room
D:9:      serial_shops, shop
D:10:     minmay_lair_entry_grove, orc_0_dummy, enter_bailey_7, serial_shops,
          shop, uniq_erica, uniq_snorg
Orc:1:    nicolae_orc_accident_1, uniq_urug
Orc:2:    st_orc_rangers, nicolae_orc_damp_corner, guppyfry_library_mini

Table legend:
 A = Turns spent in this place as a percentage of turns spent in the entire game.
 B = Non-inter-level travel turns spent in this place as a percentage of non-inter-level travel turns spent in the entire game.
 C = Inter-level travel turns spent in this place as a percentage of turns spent in this place.
 D = Turns resting spent in this place as a percentage of non-inter-level travel turns spent in this place.
 E = Turns spent auto-exploring this place as a percentage of non-inter-level travel turns spent in this place.
 F = Non-inter-level travel turns spent in this place divided by the number of levels of this place that you've seen.
                   A       B       C       D       E      F
               +-------+-------+-------+-------+-------+----------------------
         Total | 100.0 | 100.0 |   0.4 |   1.6 |  12.1 | 206.6
       Dungeon |  92.9 |  92.9 |   0.4 |   1.5 |  12.8 | 230.3
  Orcish Mines |   7.1 |   7.1 |   0.0 |   2.8 |   2.8 |  88.0
               +-------+-------+-------+-------+-------+----------------------

Table legend:
 A = Kills in this place as a percentage of kills in entire the game.
 B = Kills by you in this place as a percentage of kills by you in the entire game.
 C = Kills by friends in this place as a percentage of kills by friends in the entire game.
 D = Other kills in this place as a percentage of other kills in the entire game.
 E = Experience gained in this place as a percentage of experience gained in the entire game.
 F = Experience gained in this place divided by the number of levels of this place that you have seen.
                   A       B       C       D       E      F
               +-------+-------+-------+-------+-------+----------------------
         Total | 100.0 | 100.0 |  -nan |  -nan | 100.0 | 751.2
       Dungeon |  90.3 |  90.3 |  -nan |  -nan |  84.6 | 762.7
  Orcish Mines |   9.7 |   9.7 |  -nan |  -nan |  15.4 | 693.5
               +-------+-------+-------+-------+-------+----------------------
